 Dungeon Crawl Stone Soup version 0.30.1-3-gfc49f6343a (webtiles) character file.

Game seed: 7559641382524741830

12705 hurricos the Markself (level 11, -4/64 HPs)
             Began as a Deep Elf Delver on July 27, 2023.
             Was a High Priest of Cheibriados.
             Slain by a death yak (24 damage)
             ... on level 10 of the Dungeon.
             The game lasted 00:20:01 (9239 turns).

hurricos the Markself (Deep Elf Delver)             Turns: 9239, Time: 00:20:02

Health: -4/64      AC:  9    Str: 21    XL:     11   Next: 65%
Magic:  16/20      EV: 26    Int: 30    God:    Cheibriados [*****.]
Gold:   656        SH:  0    Dex: 34    Spells: 15/20 levels left

rFire   + . .        a - +1 shortbow (freeze)
rCold   . . .        (shield currently unavailable)
rNeg    . . .        u - +0 leather armour
rPois   .            i - +1 hat
rElec   .            x - +0 cloak
rCorr   .            m - +0 pair of gloves
SInv    .            k - +1 pair of boots
Will    +....        n - amulet of regeneration
Stlth   +++++        y - +5 ring of evasion
HPRegen 1.10/turn    K - ring of wizardry
MPRegen 0.17/turn

%: wizardry (x1)
@: about to teleport, on blink cooldown, very slow
A: fire resistance 1, weak 1
a: Renounce Religion, Bend Time, Temporal Distortion, Slouch, Step From Time


You were on level 10 of the Dungeon.
You worshipped Cheibriados.
Cheibriados was extremely pleased with you.
You visited 2 branches of the dungeon, and saw 12 of its levels.
You also visited: Bailey.

You collected 689 gold pieces.
You spent 33 gold pieces at shops.

Inventory:

Hand Weapons
 a - a +1 shortbow of freezing (weapon)
 b - a +0 sling
 B - a +0 short sword
 O - a +2 dagger of electrocution
Missiles
 l - a curare-tipped dart
 p - 8 poisoned darts
Armour
 h - a +0 robe of resistance
 i - a +1 hat (worn)
 k - a +1 pair of boots (worn)
 m - a +0 pair of gloves (worn)
 u - a +0 leather armour (worn)
 x - a +0 cloak (worn)
 z - a +2 ring mail of cold resistance
 H - the +2 chain mail of Anarchy {rF- Int+9 Dex+2 Stlth+}
   (You found it on level 8 of the Dungeon)

   Int:       It affects your intelligence (+9).
   Dex:       It affects your dexterity (+2).
   rF:        It makes you vulnerable to fire.
   Stlth:     It makes you more stealthy.
 M - +0 swamp dragon scales
Jewellery
 n - an amulet of regeneration (around neck)
 y - a +5 ring of evasion (left hand)
 K - a ring of wizardry (right hand)
 R - a ring of protection from cold
 T - an amulet of faith
Wands
 g - a wand of digging (1)
 j - a wand of flame (20)
 G - a wand of light (6)
 I - a wand of charming (8)
 L - a wand of iceblast (5)
Scrolls
 c - 4 scrolls of fog
 d - a scroll of magic mapping
 t - 11 scrolls of identify
 D - 2 scrolls of immolation
 E - 2 scrolls of amnesia
 N - a scroll of enchant armour
 S - a scroll of teleportation
Potions
 f - a potion of haste
 o - 3 potions of curing
 q - 3 potions of mutation
 s - 3 potions of degeneration {unknown}
 v - a potion of ambrosia {unknown}
 w - a potion of magic {unknown}
 A - 2 potions of might {unknown}
 C - 2 potions of flight
 F - 3 potions of heal wounds {unknown}
 J - 2 potions of attraction {unknown}
 Q - 6 potions of brilliance {unknown}


   Skills:
 * Level 6.1 Fighting
 - Level 2.0 Short Blades
 + Level 15.3 Ranged Weapons
 + Level 3.8 Armour
 * Level 7.9 Dodging
 - Level 8.0 Stealth
 - Level 5.0 Spellcasting
 - Level 6.0 Translocations
 * Level 6.8 Invocations


You had 15 spell levels left.
You knew the following spells:

 Your Spells              Type           Power      Damage    Failure   Level
o - Ozocubu's Armour      Ice            7%         N/A       9%          3
B - Blink                 Tloc           86%        N/A       1%          2

Your spell library contained the following spells:

 Spells                   Type           Power      Damage    Failure   Level
 Lesser Beckoning         Tloc           86%        N/A       1%          2
 Momentum Strike          Conj/Tloc      50%        3d9       1%          2
 Shock                    Conj/Air       28%        1d4       2%          1
 Summon Small Mammal      Summ           28%        N/A       2%          1
 Manifold Assault         Tloc           43%        N/A       2%          4
 Call Canine Familiar     Summ           7%         N/A       9%          3
 Summon Guardian Golem    Hex/Summ       7%         N/A       9%          3
 Swiftness                Air            7%         N/A       9%          3
 Airstrike                Air            3%         2d(1-17)  26%         4
 Animate Dead             Necr           7%         N/A       26%         4
 Borgnjor's Vile Clutch   Necr/Erth      3%         N/A       56%         5
 Metabolic Englaciation   Hex/Ice        3%         N/A       56%         5
 Death Channel            Necr           3%         N/A       98%         6
 Simulacrum               Ice/Necr       3%         N/A       98%         6
 Storm Form               Tmut/Air       3%         N/A       100%        7


Dungeon Overview and Level Annotations

Branches:
Dungeon (11/15)            Temple (1/1) D:5             Orc (0/2) D:11
 Bailey (visited)
   Lair: D:8-11

Altars:
Ashenzari
Cheibriados
Dithmenos
Elyvilon
Fedhas
Gozag
Hepliaklqana
Kikubaaqudgha
Makhleb
Nemelex Xobeh
Okawaru
Qazlal
Ru
Sif Muna
Trog
Uskayaw
Vehumet
Wu Jian
Xom
Yredelemnul
Zin
The Shining One

Shops:
D:5 !   D:8 **

Annotations:
D:7 1 runed translucent door, Gorgoleon's ghost, novice MfGl


Innate Abilities, Weirdness & Mutations

Your flesh is heat resistant. (rF+)
You are weak. (Str -2)


Message History

The death yak resists with some effort.
A death yak comes into view.
A death yak comes into view.
Aiming: Dig
Press: ? - help, Shift-Dir - straight line, p - death yak A rock wall.
The rock shatters into small pieces.
The death yak gores you!
Unknown command.
As you read the scroll of fear, it crumbles to dust.
You assume a fearsome visage.
The death yak looks frightened! x2
The death yak easily resists.
The death yak resists with almost no effort.
The orc priest looks frightened!
The orc priest shouts!
The death yak gores you!! The death yak barely misses you.
The death yak attacks as you move away! The death yak gores you!
The death yak barely misses you. The death yak gores you.
The death yak attacks as you move away! The death yak completely misses you.
The death yak gores you but does no damage.
There is a stone staircase leading up here.
The death yak gores you!
* * * LOW HITPOINT WARNING * * *
You climb upwards.
There is a stone staircase leading down here.
Casting: Ozocubu's Armour (dangerous; 9% risk of failure)
Confirm with . or Enter, or press ? or * to list all spells.
You blink.
Okay, then.
As you read the scroll of teleportation, it crumbles to dust.
You feel strangely unstable.
You feel stable enough to blink again.
You feel better. The death yak gores you.
* * * LOW HITPOINT WARNING * * *
Casting: Blink (safe; 1% risk of failure)
Confirm with . or Enter, or press ? or * to list all spells.
You blink.
The death yak attacks as you move away! The death yak gores you!!
You die...

###.## #..<........#.# #.##.#.
#..# #.............# #.##.#.
##.## ##..........### #.##.##
#..# ##.#######.# #.##.## ##.#
#.##..[...# #.##... ## #.#
#....#...## ####### .#####.#
#####ยง.>### #
<....#.#####....Y#..#
####............@##.#
####......###.##.###
###.......##......#####
#####...##.##.###.........#######
#.................##..#.##.......
......###.####...####............
..##### #.# ###.# ###.#........
### #.# #.### #..##.......
#####.# #...###.###.......


You could see a death yak.

Vanquished Creatures
  A boulder beetle (D:11)
  A two-headed ogre (D:8)
  A death yak (D:11)
  Pikel (D:8)
  A cyclops (D:11)
  A manticore (D:11)
  Joseph (D:10)
  2 gargoyles (D:10)
  Maurice (D:8)
  Maggie (D:8)
  A hornet (D:8)
  2 trolls (D:11)
  Sigmund (D:6)
  2 wraiths
  A shadow (D:10)
  18 yaks
  A steam dragon (D:8)
  Menkaure (D:6)
  Edmund (D:4)
  3 water moccasins
  7 orc warriors
  An ice beast (D:8)
  2 black bears
  7 centaurs
  A lemure (D:8)
  2 kobold brigands
  3 bullfrogs
  2 gnoll sergeants
  A scorpion (D:7)
  7 wights
  13 killer bees
  An electric eel (D:8)
  3 howler monkeys (D:7)
  6 orc priests
  A jelly (D:7)
  2 sleepcaps (D:5)
  3 iguanas (D:5)
  7 orc wizards
  7 gnolls
  7 adders
  2 shadow imps
  A white imp (D:5)
  An ufetubus (D:5)
  7 worms
  4 dart slugs
  20 orcs
  6 ball pythons
  6 endoplasms
  6 giant cockroaches
  12 goblins
  10 hobgoblins
  11 jackals
  21 kobolds
  A quokka (D:1)
  4 bats (D:1)
  4 frilled lizards (D:1)
  5 rats
246 creatures vanquished.

Notes
Turn   | Place    | Note
-------+----------+-------------------------------------------
     0 | D:5      | hurricos the Deep Elf Delver began the quest for the Orb.
     0 | D:5      | Reached XP level 1. HP: 13/13 MP: 3/3
    56 | D:6      | Found an ancient bone altar of Kikubaaqudgha.
   118 | D:5      | Found a blossoming altar of Fedhas.
   189 | D:5      | Found Xaroaq's Distillery.
   297 | D:5      | Bought a potion of curing for 33 gold pieces
   377 | D:2      | Reached skill level 1 in Ranged Weapons
   448 | D:3      | Reached skill level 2 in Ranged Weapons
   461 | D:3      | Reached XP level 2. HP: 18/18 MP: 4/4
   483 | D:3      | Reached skill level 3 in Ranged Weapons
   623 | D:3      | Reached XP level 3. HP: 22/22 MP: 5/5
   742 | D:3      | Reached skill level 4 in Ranged Weapons
  1414 | D:2      | Reached XP level 4. HP: 25/27 MP: 6/6
  1466 | D:2      | Reached skill level 5 in Ranged Weapons
  2175 | D:4      | Noticed Edmund
  2203 | D:4      | Killed Edmund
  2204 | D:4      | Reached skill level 7 in Ranged Weapons
  2204 | D:4      | Reached XP level 5. HP: 31/31 MP: 7/7
  2396 | D:4      | Found a glowing silver altar of Zin.
  2793 | D:5      | Learned a level 3 spell: Ozocubu's Armour
  2832 | D:5      | Reached skill level 8 in Ranged Weapons
  2832 | D:5      | Reached XP level 6. HP: 36/36 MP: 8/8
  2959 | D:5      | Found a staircase to the Ecumenical Temple.
  2991 | Temple   | Entered the Ecumenical Temple
  3049 | Temple   | Became a worshipper of Cheibriados the Contemplative
  3085 | D:5      | Reached skill level 9 in Ranged Weapons
  3329 | D:5      | Reached XP level 7. HP: 40/40 MP: 9/9
  3543 | D:5      | Reached skill level 10 in Ranged Weapons
  3794 | D:1      | Reached * piety under Cheibriados
  4800 | D:6      | Noticed Menkaure
  4807 | D:6      | Killed Menkaure
  4808 | D:6      | Reached skill level 1 in Armour
  4808 | D:6      | Reached skill level 1 in Invocations
  4935 | D:7      | Reached XP level 8. HP: 46/46 MP: 11/11
  4953 | D:7      | Found a flagged portal.
  4983 | Bailey   | Entered a bailey
  4990 | Bailey   | Noticed an orc knight
  4993 | Bailey   | Reached ** piety under Cheibriados
  5009 | Bailey   | Noticed an orc knight
  5058 | Bailey   | Gained mutation: You are weak. (Str -2) [potion of
                  | mutation]
  5058 | Bailey   | Gained mutation: Your flesh is heat resistant. (rF+)
                  | [potion of mutation]
  5102 | Bailey   | Learned a level 2 spell: Blink
  5246 | D:7      | Reached skill level 1 in Translocations
  5339 | D:7      | Reached skill level 5 in Translocations
  5483 | D:7      | Found a runed translucent door.
  5484 | D:7      | Noticed Gorgoleon's ghost (novice MfGl)
  5599 | D:7      | Found a shimmering blue altar of Sif Muna.
  5646 | D:7      | Found an iron altar of Okawaru.
  5874 | D:6      | Reached XP level 9. HP: 51/51 MP: 13/13
  6084 | D:6      | Noticed Sigmund
  6095 | D:6      | Killed Sigmund
  6261 | D:6      | Reached *** piety under Cheibriados
  6538 | D:8      | Noticed a two-headed ogre
  6546 | D:8      | Killed a two-headed ogre
  6547 | D:8      | Reached skill level 5 in Dodging
  6601 | D:8      | Identified the +2 chain mail of Anarchy {rF- Int+9 Dex+2
                  | Stlth+}
  6787 | D:8      | Noticed Maurice
  6799 | D:8      | Killed Maurice
  6800 | D:8      | Reached skill level 5 in Invocations
  6808 | D:8      | Reached skill level 5 in Fighting
  6913 | D:8      | Reached skill level 11 in Ranged Weapons
  6915 | D:8      | Reached XP level 10. HP: 53/59 MP: 15/15
  6994 | D:8      | Found a burning altar of Makhleb.
  7038 | D:8      | Found Yshrekkuu's Specific Store.
  7040 | D:8      | Found Acla's General Store.
  7051 | D:8      | Noticed Pikel
  7063 | D:8      | Killed Pikel
  7159 | D:8      | Reached skill level 12 in Ranged Weapons
  7170 | D:8      | Noticed Maggie
  7185 | D:8      | Killed Maggie
  7216 | D:8      | Reached skill level 13 in Ranged Weapons
  7556 | D:9      | Reached **** piety under Cheibriados
  7809 | D:9      | Reached skill level 14 in Ranged Weapons
  8037 | D:10     | Entered Level 10 of the Dungeon
  8114 | D:9      | Reached skill level 15 in Ranged Weapons
  8143 | D:10     | Reached skill level 1 in Spellcasting
  8203 | D:10     | Reached ***** piety under Cheibriados
  8267 | D:10     | Found Suet's Antique Weapon Shop.
  8299 | D:10     | Noticed a gargoyle
  8310 | D:10     | Killed a gargoyle
  8450 | D:10     | Reached XP level 11. HP: 64/64 MP: 17/17
  8632 | D:10     | Noticed Joseph
  8655 | D:10     | Killed Joseph
  9097 | D:11     | Found a staircase to the Orcish Mines.
  9117 | D:11     | Noticed a boulder beetle
  9129 | D:11     | Killed a boulder beetle
  9184 | D:11     | Reached skill level 5 in Spellcasting
  9184 | D:11     | Noticed a death yak
  9186 | D:11     | Noticed a death yak
  9210 | D:11     | Noticed a death yak
  9215 | D:11     | Killed a death yak
  9217 | D:11     | Noticed a death yak
  9217 | D:11     | Noticed a death yak
  9217 | D:11     | Noticed a death yak
  9222 | D:11     | Noticed a death yak
  9224 | D:11     | Noticed a death yak
  9239 | D:10     | Slain by a death yak

Illustrated notes

Levels and vault maps discovered:
D:1:      amcnicky_arrival_wind_blow, layout_basic,
          minmay_misc_feat_four_crosses, grunt_decor_resistance,
          hangedman_decor_peaks_small, minmay_misc_feat_alley
D:2:      layout_basic, item_on_display_a
D:3:      layout_basic, chequers_mini_garden
D:4:      layout_basic, marbit_many_paths, uniq_edmund
D:5:      layout_rooms, mainiacjoe_overflow_tiny_flanked,
          minmay_temple_entry_gardened_gates, serial_shops, kennysheep_mini,
          corexii_leaking_fountain
D:6:      layout_gridville, mainiacjoe_overflow_brackets, uniq_sigmund,
          uniq_menkaure
D:7:      layout_loops_ring, kennysheep_okawaru_gauntlet, lemuel_tele_altar,
          gammafunk_ghost_grave, enter_bailey_5
D:8:      layout_loops_corners, lightli_temple_of_fire, minmay_strange_pillars,
          minmay_crystal_water, nicolae_specific_store, minmay_diced_spiral,
          uniq_maurice, uniq_maggie, uniq_pikel
D:9:      layout_rooms, serial_bayou_pond_c
D:10:     layout_rooms, serial_shops, shop, uniq_joseph
D:11:     layout_loops_ring, dpeg_lair_monsters, david_orc_1_choice,
          minmay_misc_feat_pillars, chequers_serial_rivers_micro_e
Temple:   nicolae_temple_x_marks_the_god

Skill      XL: |  1  2  3  4  5  6  7  8  9 10 11 |
---------------+----------------------------------+-----
Ranged Weapons | 2 3 4 7 8 9 10 11 15 | 15.3
Armour         | 1 2 3 |  3.8
Dodging        | 3 4 6 7 |  7.9
Invocations    | 2 5 6 |  6.8
Fighting       | 3 5 6 |  6.1
Translocations | 6 |  6.0
Stealth        | 8 |  8.0
Spellcasting   | 2 5 |  5.0
Short Blades   | |  2.0

Action                     |  1- 3 |  4- 6 |  7- 9 | 10-12 || total
---------------------------+-------+-------+-------+-------++-------
  Melee: Short sword       |   133 |    36 |    21 |       ||   190
         Punch             |     1 |       |       |       ||     1
         Unarmed           |       |    21 |       |       ||    21
   Fire: Sling             |       |   135 |   139 |       ||   274
         Shortbow          |       |       |   258 |   391 ||   649
  Throw: Dart              |    28 |    16 |       |     9 ||    53
   Cast: Blink             |       |       |     8 |    10 ||    18
         Ozocubu's Armour  |       |       |       |     1 ||     1
 Invoke: Bend Time         |       |       |       |     1 ||     1
  Evoke: Wand              |       |     1 |     3 |    14 ||    18
    Use: Scroll            |     1 |     5 |     1 |     9 ||    16
         Potion            |       |     4 |     2 |     4 ||    10
   Stab: Sleeping          |     8 |     5 |       |       ||    13
         Invisible         |       |       |     5 |       ||     5
 Armour: Leather armour    |    34 |    31 |    43 |    35 ||   143
         Skin              |       |     7 |       |     2 ||     9
  Dodge: Dodged            |    68 |    67 |   189 |   186 ||   510
